 Dungeon Crawl Stone Soup version 0.25-a0-734-g73332aeda9 (webtiles) character file.

Game seed: 5647049207273018466, levelgen mode: deterministic

43 Maedhros the Charlatan (level 3, -3/23 HPs)
             Began as an Octopode Artificer on Apr 10, 2020.
             Slain by a gnoll
             ... wielding a +0 halberd
              (16 damage)
             ... on level 3 of the Dungeon.
             The game lasted 00:02:28 (785 turns).

Maedhros the Charlatan (Octopode Artificer)          Turns: 785, Time: 00:02:29

Health: -3/23      AC:  1    Str: 11    XL:     3   Next: 58%
Magic:  6/6        EV: 13    Int: 13    God:
Gold:   43         SH:  0    Dex: 13    Spells: 2/2 levels left

rFire    . . .     SeeInvis .   l - +1 long sword (drain)
rCold    . . .     Gourm    .   (no shield)
rNeg     . . .     Faith    .   (helmet restricted)
rPois    .         Spirit   .   (no amulet)
rElec    .         Reflect  .   (no ring)
rCorr    .         Harm     .   (no ring)
MR       .....                  (no ring)
Stlth    +++.......             (no ring)
HPRegen  0.07/turn              (no ring)
MPRegen  0.10/turn              (no ring)
                                (no ring)
                                (no ring)

@: no status effects
A: almost no armour, stealthy swim, amphibious, 8 rings, constrict 8, camouflage
1, gelatinous body 1
a: no special abilities


You were on level 3 of the Dungeon.
You were not hungry.

You visited 1 branch of the dungeon, and saw 3 of its levels.

You collected 43 gold pieces.

Inventory:

Hand Weapons
 a - a +0 short sword
 k - a +0 arbalest
 l - a +1 long sword of draining (weapon)
Missiles
 i - 28 sling bullets
 n - 10 poisoned darts (quivered)
Wands
 b - a wand of flame (15)
 c - a wand of enslavement (14)
 d - a wand of random effects (15)
Scrolls
 h - 2 scrolls of enchant weapon {unknown}
 j - a scroll of enchant armour {unknown}
 m - a scroll of teleportation {unknown}
 o - a scroll of magic mapping {unknown}
Potions
 e - a potion of curing {unknown}
 g - a potion of lignification {unknown}
Comestibles
 f - 2 rations


   Skills:
 - Level 1.0 Fighting
 - Level 1.0 Short Blades
 - Level 2.0 Dodging
 + Level 3.5 Stealth
 + Level 4.2 Evocations


You had 2 spell levels left.
You didn't know any spells.
Your spell library was empty.

Dungeon Overview and Level Annotations

Branches:
Dungeon (3/15)

Altars:


Innate Abilities, Weirdness & Mutations

You cannot wear most types of armour.
You are very stealthy in the water. (Stealth+)
You are amphibious.
You can wear up to eight rings at the same time.
You can use your tentacles to constrict eight enemies at once.
Your skin changes colour to match your surroundings (Stealth+).
Your rubbery body absorbs attacks. (AC +1, EV +1)


Message History

You kill the bat!
You slash the goblin!
You kill the goblin!
You swing at nothing.
You swing at nothing.
You hit the gnoll. Your grab misses the gnoll.
The gnoll is moderately wounded.
The gnoll barely misses you.
You barely miss the gnoll. Your grab misses the gnoll. You squeeze the gnoll.
The gnoll is heavily wounded.
The gnoll closely misses you.
You hit the gnoll.
You kill the gnoll!
You swing at nothing.
The gnoll closely misses you. The gnoll hits you with a +0 halberd.
You see here a +0 club.
You closely miss the gnoll. Your grab misses the gnoll.
The gnoll hits you with a +0 halberd!
Ouch! That really hurt!
You die...

.# #.# #######.# #.#
#.......# #.#
†.....### #.#
#.###.# #g# #.###(##
#.# #.##...## #.#
#.#)....##########.#
#...............@g.#
#.......############
#..#...## #..##.##
#(. #.# #.. #.. ...
###.


You could see a gnoll.

Vanquished Creatures
  2 gnolls (D:3)
  A dart slug (D:1)
  A leopard gecko (D:1)
  A giant cockroach (D:1)
  A goblin (D:3)
  3 hobgoblins
  A quokka (D:3)
  4 bats
  A frilled lizard (D:1)
  2 kobolds (D:3)
  4 rats
21 creatures vanquished.

Vanquished Creatures (collateral kills)
  A goblin (D:2)
1 creature vanquished.

Grand Total: 22 creatures vanquished

Notes
Turn   | Place    | Note
-------+----------+-------------------------------------------
     0 | D:1      | Maedhros the Octopode Artificer began the quest for the
                  | Orb.
     0 | D:1      | Reached XP level 1. HP: 13/13 MP: 3/3
   120 | D:1      | Reached XP level 2. HP: 13/18 MP: 4/4
   620 | D:3      | Reached skill level 4 in Evocations
   620 | D:3      | Reached XP level 3. HP: 12/23 MP: 4/6
   785 | D:3      | Slain by a gnoll

Levels and vault maps discovered:
D:1:      nicolae_arrival_somewhat_less_tricky_arrival, layout_basic
D:2:      layout_loops_ring, lemuel_round_altar, first_ration
D:3:      layout_loops_ring, fiery_altar_vehumet, grunt_ministairs_1

Skill      XL: |  1  2 |
---------------+-------+-----
Stealth        | 2 3 |  3.5
Evocations     | 4 |  4.2
Fighting       | |  1.0
Short Blades   | |  1.0
Dodging        | |  2.0

Action                   || total
-------------------------++-------
Melee: Short sword       ||    35
       Constrict         ||    14
       Tentacles         ||     9
       Long sword        ||    10
Evoke: Wand              ||     1
 Stab: Sleeping          ||     1
Armor: Skin              ||     5
Dodge: Dodged            ||    41
       Rpst.: Long sword ||     3

Table legend:
 A = Non-vault XP
 B = Vault XP
 C = Vault XP percentage of total XP
 D = Non-vault monster count
 E = Vault monster count
 F = Vault count percentage of total count
                 A         B        C        D         E       F
            +---------+---------+-------+---------+---------+-------
      Total |      61 |       1 |   1.6 |      21 |       1 |   4.5
            +---------+---------+-------+---------+---------+-------
        D:1 |      13 |       0 |   0.0 |       6 |       0 |   0.0
        D:2 |       3 |       0 |   0.0 |       3 |       0 |   0.0
        D:3 |      45 |       1 |   2.2 |      12 |       1 |   7.7
            +---------+---------+-------+---------+---------+-------
